 Dungeon Sprint DCSS version 0.19.0-24-gb05acd6 (webtiles) character file.

316442 Groucho the Ninja (level 14, 74/89 HPs)
             Began as a Spriggan Enchanter on Nov 22, 2016.
             Was an Initiate of Gozag.
             Escaped with the Orb!
             The game lasted 00:55:28 (11093 turns).

Groucho the Ninja (Spriggan Enchanter)             Turns: 11093, Time: 00:55:28

Health: 74/89      AC:  8    Str:  6    XL:     14   Next: 64%
Magic:  51/51      EV: 36    Int: 27    God:    Gozag
Gold:   9580       SH:  9    Dex: 23    Spells: 11 memorised, 20 levels left

rFire  . . .     SeeInvis +     b - +8 rapier (holy)
rCold  + + .     Gourm    .     C - +0 robe of Fiorph {Dex+3}
rNeg   . . .     Faith    .     D - +0 buckler "Plog" {rPois Dex+4}
rPois  +         Spirit   .     A - +3 hat of Pondering {ponderous, MR+ MP+10 Int+5}
rElec  .         Reflect  .     (no cloak)
rCorr  .         Harm     .     (gloves unavailable)
MR     +++..     NoTele   +     (boots unavailable)
Stlth  ++++......               U - amulet of rage
                                P - ring of Niopuf {rC+ Int+2}
                                R - ring of Lizodio {rPois SInv Stlth+}

@: flying, very slightly contaminated, deflect missiles, very quick
A: unfitting armour, rugged brown scales 1, slimy green scales 1, see invisible,
cold resistance 1, herbivore 3, speed 3, high mp 1, robust 1, screaming 1, slow
metabolism 2, no device heal 1, subdued magic 2, sturdy frame 1
a: Potion Petition, Call Merchant, Bribe Branch, Renounce Religion, Evoke
Berserk Rage
0: Orb of Zot


You escaped.
You worshipped Gozag.
Gozag was greatly pleased with you.
You were not hungry.

You visited 1 branch You collected 16783 gold pieces.
You spent 6291 gold pieces at shops.
You paid 912 gold pieces to Gozag.

Inventory:

Hand Weapons
 b - a +8 rapier of holy wrath (weapon)
 n - the +10 sword of Jihad {holy, *Rage rN+ EV+3}
   (You found it in the Dungeon)

   It has been blessed by the Shining One to cause great damage to the undead
   and demons.
   It affects your evasion (+3).
   It protects you from negative energy.
   It may make you go berserk in combat.
Armour
 a - a +1 buckler of protection
 t - a +1 hat
 w - the +2 robe of Vines {NoDeviceHeal Regen+7}
   (You acquired it in the Dungeon)

   It increases your rate of regeneration.
 A - the +3 hat of Pondering (worn) {ponderous, MR+ MP+10 Int+5}
   (You took it off Gastronok in the Dungeon)

   It affects your intelligence (+5).
   It affects your resistance to hostile enchantments.
   It affects your magic capacity (+10).
 C - the +0 robe of Fiorph (worn) {Dex+3}
   (You bought it in a shop in the Dungeon)

   It affects your dexterity (+3).
 D - the +0 buckler "Plog" (worn) {rPois Dex+4}
   (You acquired it in the Dungeon)

   It affects your dexterity (+4).
   It protects you from poison.
 K - the +3 robe of Clouds {+Fly rElec}
   (You bought it in a shop in the Dungeon)

   It insulates you from electricity.
   It lets you fly.
Jewellery
 d - an uncursed ring of protection from cold
 f - an uncursed ring of flight
 k - the amulet of the Four Moons {Faith MP+9}
   (You found it in the Dungeon)

   [amulet of faith]

   It allows you to gain divine favour quickly.
   It affects your magic capacity (+9).
 q - an uncursed ring of protection from magic {unknown}
 B - an uncursed ring of magical power
 E - a +2 ring of evasion
 F - an uncursed ring of fire
 P - the ring of Niopuf (right hand) {rC+ Int+2}
   (You found it in the Dungeon)

   [ring of protection from cold]

   It affects your intelligence (+2).
   It protects you from cold.
 R - the ring of Lizodio (left hand) {rPois SInv Stlth+}
   (You found it in the Dungeon)

   [ring of see invisible]

   It protects you from poison.
   It lets you see invisible.
   It makes you more stealthy.
 U - an amulet of rage (around neck)
 X - an uncursed ring of positive energy
 Y - an uncursed ring of protection from cold
 Z - an uncursed ring of positive energy
Wands
 I - a wand of digging (13/24)
Scrolls
 i - a scroll of holy word {unknown}
 j - 2 scrolls of blinking
 l - a scroll of fear {unknown}
 m - 4 scrolls of remove curse
 r - 2 scrolls of fog {unknown}
 s - 5 scrolls of enchant armour
 u - 2 scrolls of recharging {unknown}
 y - a scroll of immolation {unknown}
 M - 2 scrolls of amnesia
 N - a scroll of magic mapping
 T - 2 scrolls of acquirement
 V - a scroll of identify
Potions
 e - 11 potions of flight
 g - a potion of haste
 h - 36 potions of magic
 o - 2 potions of agility
 p - 2 potions of brilliance {unknown}
 v - 2 potions of ambrosia {unknown}
 x - 5 potions of resistance
 z - 8 potions of curing
 H - a potion of cure mutation
 L - 2 potions of experience {unknown}
Books
 c - Roxanne's Tome of Transmutation
   (You took it off Roxanne in the Dungeon)

   Spells                             Type                      Level
   a - Spider Form                    Transmutation/Poison         3
   b - Irradiate                      Conjuration/Transmutation    5
   c - Yara's Violent Unravelling     Hexes/Transmutation          5
   d - Statue Form                    Transmutation/Earth          6
 W - a book of Power

   Spells                             Type                      Level
   a - Fulminant Prism                Conjuration/Hexes            4
   b - Iskenderun's Mystic Blast      Conjuration                  4
   c - Venom Bolt                     Conjuration/Poison           5
   d - Bolt of Magma                  Conjuration/Fire/Earth       5
   e - Iron Shot                      Conjuration/Earth            6
   f - Orb of Destruction             Conjuration                  7
   g - Spellforged Servitor           Conjuration/Summoning        7
Miscellaneous
 O - a phial of floods
 S - a fan of gales
Comestibles
 G - a slice of pizza
 Q - a bread ration


   Skills:
 + Level 11.4 Fighting
 * Level 15.1 Short Blades
 + Level 18.0 Dodging
 O Level 27 Stealth
 * Level 7.6 Shields
 - Level 19.0 Spellcasting
 - Level 6.7 Conjurations
 - Level 16.1 Hexes
 - Level 9.6 Charms
 - Level 5.5 Translocations
 - Level 8.4 Air Magic
 * Level 14.2 Evocations


You had 20 spell levels left.
You knew the following spells:

 Your Spells              Type           Power        Failure   Level  Hunger
a - Corona                Hex            ######.      0%          1    None
b - Ensorcelled Hibernat  Hex/Ice        #####.       1%          2    None
c - Confuse               Hex            ######..     0%          3    None
d - Dazzling Spray        Conj/Hex       ######       0%          3    None
e - Tukima's Dance        Hex            ######..     0%          3    None
f - Invisibility          Hex            ######..     1%          6    ##.....
g - Apportation           Tloc           ####......   1%          1    None
h - Summon Butterflies    Summ           ###.....     1%          1    None
i - Deflect Missiles      Chrm/Air       #####.....   6%          6    ##.....
j - Blink                 Tloc           N/A          1%          2    None
k - Mephitic Cloud        Conj/Pois/Air  ####....     1%          3    None


Dungeon Overview and Level Annotations

Branches:
Dungeon (1/1)

Altars:
Cheibriados
Dithmenos
Elyvilon
Fedhas
Gozag
Hepliaklqana
Kikubaaqudgha
Makhleb
Nemelex Xobeh
Okawaru
Qazlal
Ru
Sif Muna
Trog
Uskayaw
Vehumet
Xom
Yredelemnul
Zin
The Shining One
Beogh
Jiyva
Lugonu

Shops:
D ==:%}%([[=(=!!!?:([*?:=?(

Annotations:
D exclusion: orange crystal statue


Innate Abilities, Weirdness & Mutations

You are very small and have problems with some larger weapons.
You are too small for most types of armour.
You have supernaturally acute eyesight. (SInv)
You are a herbivore.
You cover ground extremely quickly.
You need consume almost no food.
You are partially covered in rugged brown scales. (AC +1, +3% HP)
You are partially covered in slimy green scales. (AC +2)
Your flesh is cold resistant. (rC+)
You have an increased reservoir of magic. (+10% MP)
You are robust. (+10% HP)
You occasionally shout uncontrollably at your foes.
Potions and wands are less effective at restoring your health.
Your spells are easier to cast, but less powerful.
Your movements are slightly less encumbered by armour. (ER -2)


Message History

You are engulfed in a cloud of scalding steam.
A hellion comes into view.
You shout at the hellion!
The hellion gives a hideous shriek!
The hellion gestures at you.
The sphere of damnation explodes!
The damnation engulfs you!
You are engulfed in a cloud of scalding steam.
There is an open door here.
You reach down and close the door.
Really fly into a travel-excluded area?
There is an open door here.
There is a staircase leading out of the dungeon here.
Items here: ==== [ an uncursed ring of wizardry; a +2 ring of evasion an uncursed ring of see invisible; an uncursed ring of ice the +2 robe of Vines {NoDeviceHeal Regen+7}
w - the +2 robe of Vines {NoDeviceHeal Regen+7}
E - a +2 ring of evasion
Okay, then.
You have escaped!

##########≈≈#+++#+++#####....#.##
#########≈≈≈....≈...≈#..'..=^#..#
.......∩#≈≈≈≈.##'##..#..####.#..#
∩.....∩.#≈≈≈≈##.#)##.####..'.##.#
.∩.!.∩.∩#≈≈≈≈#.##))#....#..#.^.##
∩.∩.∩.∩.#≈≈#####[.####..#####..##
.∩.∩.∩..#≈##.###'###.##..#..'..#.
..∩.∩...#≈#.#.##.##.#.#..#..#..#.
...⌠....'≈'###'.@X'##.+..####..##
........#≈#.#.##.###..#....###...
▓▓▓▓▓▓###≈##.###'###.##....X.≈≈X≈
)..######≈≈####...####≈≈.....≈#'#
(..#..+.##≈≈≈#..#..#≈2≈§≈≈≈..≈#..
∩.[+..#+##'#≈##.#.##≈≈≈§§§≈≈.≈#._
...#)##≈##.#≈≈##+##≈≈≈≈≈≈≈≈≈§≈#_.
(..###§§§####≈≈≈≈≈≈≈≈$≈≈§§§≈§≈#._
#'###§≈§≈§# #+++#+++#≈≈≈≈≈≈≈≈§#..


You could see an Orb Guardian.

Vanquished Creatures
  the Lernaean hydra (D)
  A golden dragon (D)
  A hellephant (D)
  An electric golem (D)
  3 quicksilver dragons (D)
  A deep elf master archer (D)
  Murray (D)
  Gastronok (D)
  A deep elf blademaster (D)
  A kraken (D)
  2 sphinxes (D)
  Roxanne (D)
  A storm dragon (D)
  A draconian knight (D)
  A draconian shifter (D)
  Nessos (D)
  3 lorocyprocas (D)
  A dire elephant (D)
  A crystal guardian (D)
  An iron elemental (D)
  2 hell hogs (D)
  A death yak (D)
  Sonja (D)
  An iron golem (D)
  2 deep trolls (D)
  3 sixfirhies (D)
  2 death drakes (D)
  2 unseen horrors (D)
  A glowing orange brain (D)
  A harpy (D)
  An oklob plant (D)
  3 orc sorcerers (D)
  12 shining eyes (D)
  3 toenail golems (D)
  An eye of devastation (D)
  2 spiny frogs (D)
  A yaktaur (D)
  5 polar bears (D)
  A hornet (D)
  3 slime creatures (D)
  2 hippogriffs (D)
  6 flying skulls (D)
  2 redbacks (D)
  2 wyverns (D)
  3 yaks (D)
  4 neqoxecs (D)
  3 soldier ants (D)
  10 floating eyes (D)
  2 swamp drakes (D)
  4 necrophages (D)
  4 crocodiles (D)
  2 earth elementals (D)
  9 electric eels (D)
  A jelly (D)
  4 orc priests (D)
  A hell rat (D)
  A spectral adder (D)
  3 worms (D)
  A spectral bat (D)
  A ballistomycete (D)
  A ballistomycete spore (D)
139 creatures vanquished.

Vanquished Creatures (others)
  Menkaure (D)
  A crocodile (D)
  An ufetubus (D)
  A ballistomycete spore (D)
  4 tentacles (D)
8 creatures vanquished.

Grand Total: 147 creatures vanquished

Notes
Turn   | Place    | Note
-------+----------+-------------------------------------------
     0 | D        | Groucho the Spriggan Enchanter began the quest for the Orb.
     0 | D        | Reached XP level 1. HP: 9/9 MP: 5/5
     3 | D        | Noticed a neqoxec
    11 | D        | Noticed a necrophage
    11 | D        | Noticed a necrophage
    11 | D        | Noticed a necrophage
    11 | D        | Noticed a necrophage
    17 | D        | Killed a necrophage
    17 | D        | Reached skill level 10 in Stealth
    17 | D        | Reached skill level 5 in Spellcasting
    17 | D        | Reached XP level 2. HP: 12/12 MP: 5/9
    17 | D        | Reached XP level 3. HP: 15/15 MP: 6/11
    17 | D        | Reached XP level 4. HP: 20/20 MP: 6/12
    21 | D        | Killed a necrophage
    21 | D        | Reached skill level 12 in Stealth
    21 | D        | Reached XP level 5. HP: 23/23 MP: 6/15
    29 | D        | Killed a necrophage
    29 | D        | Reached skill level 13 in Stealth
    32 | D        | Killed a crocodile
    54 | D        | Killed a necrophage
    54 | D        | Reached skill level 1 in Fighting
    54 | D        | Reached XP level 6. HP: 18/28 MP: 12/18
    58 | D        | Learned a level 2 spell: Ensorcelled Hibernation
    60 | D        | Killed Menkaure
    62 | D        | Learned a level 3 spell: Confuse
    66 | D        | Learned a level 3 spell: Dazzling Spray
    70 | D        | Learned a level 3 spell: Tukima's Dance
   331 | D        | Noticed a hippogriff
   331 | D        | Noticed a hippogriff
   335 | D        | Killed a hippogriff
   335 | D        | Reached skill level 5 in Dodging
   335 | D        | Reached skill level 14 in Stealth
   335 | D        | Reached skill level 1 in Conjurations
   338 | D        | Killed a hippogriff
   338 | D        | Reached XP level 7. HP: 33/33 MP: 11/21
   365 | D        | Noticed Roxanne
   657 | D        | Killed a neqoxec
   657 | D        | Reached skill level 15 in Stealth
   657 | D        | Reached skill level 10 in Hexes
   658 | D        | Noticed a neqoxec
   659 | D        | Killed a neqoxec
   659 | D        | Reached skill level 10 in Spellcasting
   660 | D        | Noticed a neqoxec
   660 | D        | Noticed a neqoxec
   662 | D        | Killed a neqoxec
   662 | D        | Reached XP level 8. HP: 38/38 MP: 23/23
   664 | D        | Reached skill level 5 in Short Blades
   691 | D        | Found Sackib's Distillery.
   691 | D        | Found Puebyp's Book Emporium.
   691 | D        | Found Quceukypn's Jewellery Shoppe.
   691 | D        | Found Netec's Antique Armour Emporium.
   691 | D        | Found Nepoe's Distillery.
   691 | D        | Found Codyadgh's Magic Scroll Shoppe.
   691 | D        | Found Ilogylee's Antique Weapon Shoppe.
   692 | D        | Found Itunerch's Distillery.
   692 | D        | Found Isuesut's Antique Weapon Shoppe.
   693 | D        | Found Pegy's Antique Armour Shoppe.
   693 | D        | Found Anwiag's Antique Armour Emporium.
   693 | D        | Noticed a slime creature
   693 | D        | Noticed a slime creature
   696 | D        | Found Ighabocw's Gadget Emporium.
   696 | D        | Found Zasem's Food Shoppe.
   696 | D        | Noticed a slime creature
   696 | D        | Noticed an oklob plant
   697 | D        | Found Meilax's Jewellery Shoppe.
   697 | D        | Found Ilagoyc's Book Shoppe.
   697 | D        | Found Fuapuem's Jewellery Emporium.
   707 | D        | Bought an uncursed ring of flight for 245 gold pieces
   709 | D        | Bought a book of Party Tricks for 650 gold pieces
   716 | D        | Learned a level 6 spell: Invisibility
   718 | D        | Learned a level 1 spell: Apportation
   745 | D        | Found a roughly hewn altar of Beogh.
   746 | D        | Found a hazy altar of Hepliaklqana.
   746 | D        | Found a snail-covered altar of Cheibriados.
   747 | D        | Found a stormy altar of Qazlal.
   747 | D        | Found a viscous altar of Jiyva.
   747 | D        | Found a shadowy altar of Dithmenos.
   748 | D        | Found a sacrificial altar of Ru.
   748 | D        | Found an ancient bone altar of Kikubaaqudgha.
   748 | D        | Found a white marble altar of Elyvilon.
   749 | D        | Found a shimmering altar of Xom.
   749 | D        | Found a deep blue altar of Sif Muna.
   749 | D        | Found a corrupted altar of Lugonu.
   819 | D        | Found a basalt altar of Yredelemnul.
   819 | D        | Found a bloodstained altar of Trog.
   819 | D        | Found a burning altar of Makhleb.
   820 | D        | Found a glowing silver altar of Zin.
   820 | D        | Found a hide-covered altar of Uskayaw.
   822 | D        | Found a glowing golden altar of the Shining One.
   822 | D        | Found a radiant altar of Vehumet.
   822 | D        | Found a blossoming altar of Fedhas.
   822 | D        | Found a sparkling altar of Nemelex Xobeh.
   822 | D        | Noticed a hornet
   822 | D        | Noticed a polar bear
   823 | D        | Found an opulent altar of Gozag.
   823 | D        | Found an iron altar of Okawaru.
   823 | D        | Noticed a yaktaur
   831 | D        | Became a worshipper of Gozag Ym Sagoz the Greedy
   842 | D        | Noticed a polar bear
   842 | D        | Noticed a polar bear
   843 | D        | Killed a polar bear
   844 | D        | Killed a polar bear
   844 | D        | Reached skill level 16 in Stealth
   846 | D        | Killed a polar bear
   847 | D        | Killed a hornet
   847 | D        | Reached XP level 9. HP: 38/44 MP: 19/25
   849 | D        | Killed a yaktaur
  1059 | D        | Noticed a death drake
  1061 | D        | Noticed an unseen horror
  1066 | D        | Killed an unseen horror
  1066 | D        | Reached skill level 17 in Stealth
  1071 | D        | Noticed an unseen horror
  1074 | D        | Killed an unseen horror
  1074 | D        | Reached skill level 5 in Fighting
  1086 | D        | Noticed a death drake
  1086 | D        | Noticed a crystal guardian
  1089 | D        | Killed a crystal guardian
  1089 | D        | Reached skill level 10 in Dodging
  1089 | D        | Reached skill level 18 in Stealth
  1089 | D        | Reached XP level 10. HP: 42/49 MP: 20/28
  1108 | D        | Killed a death drake
  1319 | D        | Killed a death drake
  1319 | D        | Reached skill level 5 in Conjurations
  1350 | D        | Noticed a deep elf master archer
  1358 | D        | Reached skill level 19 in Stealth
  1373 | D        | Killed a deep elf master archer
  1373 | D        | Reached XP level 11. HP: 58/58 MP: 27/30
  1589 | D        | Noticed a kraken
  1648 | D        | Killed a kraken
  1648 | D        | Reached skill level 20 in Stealth
  1648 | D        | Reached skill level 15 in Hexes
  2061 | D        | Noticed a deep troll
  2061 | D        | Noticed a deep troll
  2064 | D        | Killed a deep troll
  2064 | D        | Reached skill level 15 in Spellcasting
  2067 | D        | Killed a deep troll
  2092 | D        | Noticed a sphinx
  2093 | D        | Noticed a sphinx
  2095 | D        | Killed a sphinx
  2096 | D        | Killed a sphinx
  2096 | D        | Reached skill level 10 in Short Blades
  2096 | D        | Reached skill level 21 in Stealth
  2224 | D        | Learned a level 1 spell: Summon Butterflies
  2669 | D        | Bought a fabulously ornate robe for 119 gold pieces
  2669 | D        | Bought a cloak for 94 gold pieces
  2682 | D        | Identified the +0 robe of Fiorph {Dex+3} (You bought it in a shop in the Dungeon)
  2718 | D        | Bought a potion of might for 48 gold pieces
  2718 | D        | Bought a potion of resistance for 120 gold pieces
  2718 | D        | Bought a potion of might for 48 gold pieces
  2718 | D        | Bought a potion of degeneration for 12 gold pieces
  2718 | D        | Bought a potion of agility for 48 gold pieces
  2718 | D        | Bought a potion of heal wounds for 60 gold pieces
  2718 | D        | Bought a potion of agility for 48 gold pieces
  2718 | D        | Bought 2 potions of resistance for 240 gold pieces
  2718 | D        | Bought a potion of might for 48 gold pieces
  2720 | D        | Bought a potion of haste for 120 gold pieces
  2720 | D        | Bought a potion of invisibility for 96 gold pieces
  2720 | D        | Bought a potion of magic for 96 gold pieces
  2720 | D        | Bought a potion of mutation for 30 gold pieces
  2720 | D        | Bought a potion of curing for 36 gold pieces
  2720 | D        | Bought a potion of curing for 36 gold pieces
  2720 | D        | Bought a potion of lignification for 36 gold pieces
  2720 | D        | Bought a potion of heal wounds for 60 gold pieces
  2720 | D        | Bought a potion of curing for 36 gold pieces
  2720 | D        | Bought a potion of magic for 96 gold pieces
  2720 | D        | Bought a potion of cure mutation for 300 gold pieces
  2720 | D        | Bought a potion of haste for 120 gold pieces
  2720 | D        | Bought 2 potions of curing for 72 gold pieces
  2724 | D        | Bought a wand of digging (14/24) for 396 gold pieces
  2724 | D        | Bought a wand of acid (4/15) for 176 gold pieces
  2732 | D        | Bought the +3 robe of Clouds {+Fly rElec} for 826 gold pieces
  2734 | D        | Bought a scroll of random uselessness for 12 gold pieces
  2734 | D        | Bought a scroll of amnesia for 42 gold pieces
  2734 | D        | Bought a scroll of enchant armour for 90 gold pieces
  2734 | D        | Bought 2 scrolls of blinking for 180 gold pieces
  2734 | D        | Bought a scroll of enchant weapon for 90 gold pieces
  2734 | D        | Bought a scroll of magic mapping for 42 gold pieces
  2734 | D        | Bought a scroll of identify for 24 gold pieces
  2734 | D        | Bought a scroll of remove curse for 36 gold pieces
  2799 | D        | Noticed a sixfirhy
  2805 | D        | Noticed a sixfirhy
  2814 | D        | Noticed a sixfirhy
  2821 | D        | Reached skill level 1 in Evocations
  2824 | D        | Reached skill level 1 in Translocations
  2827 | D        | Found Lusojyam's Book Shoppe.
  2828 | D        | Found Hirghuroi's Magic Scroll Boutique.
  2851 | D        | Got a fine wooden ring
  3314 | D        | Killed a sixfirhy
  3316 | D        | Killed a sixfirhy
  3316 | D        | Reached XP level 12. HP: 64/64 MP: 26/33
  3328 | D        | Noticed Gastronok
  3419 | D        | Killed Gastronok
  3419 | D        | Reached skill level 5 in Evocations
  4304 | D        | Noticed a dire elephant
  4315 | D        | Killed a dire elephant
  4315 | D        | Reached skill level 22 in Stealth
  4315 | D        | Reached skill level 5 in Translocations
  4362 | D        | Learned a level 6 spell: Deflect Missiles
  4374 | D        | Identified the ring of Niopuf {rC+ Int+2} (You found it in the Dungeon)
  4455 | D        | Learned a level 2 spell: Blink
  4459 | D        | Learned a level 3 spell: Mephitic Cloud
  4482 | D        | Found Pustall's Food Shoppe.
  4529 | D        | Found Suiriwu's Jewellery Boutique.
  4530 | D        | Found Xorameog's Antique Weapon Shoppe.
  4534 | D        | Noticed Nessos
  4539 | D        | Killed Nessos
  4539 | D        | Reached skill level 1 in Charms
  4539 | D        | Reached skill level 1 in Air Magic
  4574 | D        | Noticed the 27-headed Lernaean hydra
  4576 | D        | Killed the 27-headed Lernaean hydra
  4581 | D        | Reached skill level 23 in Stealth
  4584 | D        | Noticed a yellow draconian knight
  4586 | D        | Killed a yellow draconian knight
  4586 | D        | Reached skill level 5 in Charms
  4586 | D        | Reached skill level 5 in Air Magic
  4589 | D        | Noticed an iron elemental
  4625 | D        | Reached XP level 13. HP: 70/70 MP: 36/36
  5200 | D        | Bought a scroll of identify for 24 gold pieces
  5200 | D        | Bought a scroll of identify for 24 gold pieces
  5293 | D        | Reached skill level 15 in Dodging
  5415 | D        | Noticed a black draconian shifter
  5415 | D        | Noticed Sonja
  5416 | D        | Noticed a hellephant
  5419 | D        | Reached skill level 24 in Stealth
  5420 | D        | Killed Sonja
  5420 | D        | Reached skill level 10 in Evocations
  5424 | D        | Killed a black draconian shifter
  5426 | D        | Killed a hellephant
  5701 | D        | Noticed a deep elf blademaster
  5717 | D        | Killed a deep elf blademaster
  5827 | D        | Reached skill level 10 in Fighting
  6235 | D        | Bought an uncursed ring of fire for 350 gold pieces
  6239 | D        | Bought an uncursed ring of positive energy for 280 gold pieces
  6239 | D        | Bought an uncursed ring of protection from cold for 350 gold pieces
  6241 | D        | Bought an uncursed ring of positive energy for 260 gold pieces
  6308 | D        | Identified 9 scrolls of acquirement
  6600 | D        | Got a transparent buckler
  6606 | D        | Identified the +0 buckler "Plog" {rPois Dex+4} (You acquired it in the Dungeon)
  6634 | D        | Bought a bread ration for 50 gold pieces
  6634 | D        | Bought a slice of pizza for 15 gold pieces
  6634 | D        | Bought a slice of pizza for 15 gold pieces
  6634 | D        | Bought a slice of pizza for 15 gold pieces
  6634 | D        | Bought a slice of pizza for 15 gold pieces
  6634 | D        | Bought a bread ration for 50 gold pieces
  6634 | D        | Bought a slice of pizza for 15 gold pieces
  6954 | D        | Killed Roxanne
  6954 | D        | Reached skill level 25 in Stealth
  6954 | D        | Reached skill level 1 in Shields
  6955 | D        | Identified Roxanne's Tome of Transmutation (You took it off Roxanne in the Dungeon)
  7257 | D        | Noticed a golden dragon
  7260 | D        | Killed a golden dragon
  7267 | D        | Found Anukuado's Antique Weapon Boutique.
  7267 | D        | Found Kuwn's Magic Scroll Shoppe.
  7267 | D        | Found Qexkot's Jewellery Shop.
  7267 | D        | Found Hodyahat's General Store.
  7267 | D        | Noticed a storm dragon
  7272 | D        | Killed a storm dragon
  7339 | D        | Noticed an electric golem
  7341 | D        | Killed an electric golem
  7341 | D        | Reached XP level 14. HP: 77/77 MP: 38/38
  8106 | D        | Got a bound crystal amulet
  8106 | D        | Got a transparent lapis lazuli ring
  8118 | D        | Identified the amulet of the Four Moons {Faith MP+9} (You found it in the Dungeon)
  8356 | D        | Identified the ring of Lizodio {rPois SInv Stlth+} (You found it in the Dungeon)
  8446 | D        | Reached skill level 26 in Stealth
  8447 | D        | Gained mutation: Armour fits poorly on your strangely shaped body. [a shining eye]
  8451 | D        | Gained mutation: Your magical capacity is low. (-10% MP) [a shining eye]
  8452 | D        | Gained mutation: Your body sometimes deteriorates upon taking damage. [a shining eye]
  8453 | D        | Gained mutation: Potions and wands are less effective at restoring your health. [a shining eye]
  8459 | D        | Gained mutation: You are weak. (Str -2) [a shining eye]
  8464 | D        | Reached skill level 5 in Shields
  8466 | D        | Paralysed by a floating eye for 4 turns
  8468 | D        | Gained mutation: You expend magic power (3 MP) to strengthen your wands. [a shining eye]
  8472 | D        | Gained mutation: You tend to lose your temper in combat. [a shining eye]
  8473 | D        | Gained mutation: You are frail. (-10% HP) [a shining eye]
  8474 | D        | Gained mutation: You are dopey. (Int -2) [a shining eye]
  8478 | D        | Gained mutation: You occasionally shout uncontrollably at your foes. [a shining eye]
  8479 | D        | Gained mutation: You are very frail. (-20% HP) [a shining eye]
  8480 | D        | Gained mutation: You are very dopey. (Int -4) [a shining eye]
  8482 | D        | Gained mutation: Your body often deteriorates upon taking damage. [a shining eye]
  8488 | D        | Paralysed by a floating eye for 2 turns
  8489 | D        | Gained mutation: You are very weak. (Str -4) [a shining eye]
  8492 | D        | Paralysed by a floating eye for 2 turns
  8493 | D        | Gained mutation: You sometimes yell uncontrollably at your foes. [a shining eye]
  8496 | D        | Gained mutation: Your spells are a little easier to cast, but a little less powerful. [a shining eye]
  8496 | D        | Gained mutation: Your spells are easier to cast, but less powerful. [a shining eye]
  8497 | D        | Gained mutation: You are clumsy. (Dex -2) [a shining eye]
  8498 | D        | Gained mutation: Your spells are much easier to cast, but much less powerful. [a shining eye]
  8503 | D        | Paralysed by a floating eye for 3 turns
  8506 | D        | Lost mutation: You are very frail. (-20% HP) [a shining eye]
  8518 | D        | Paralysed by a floating eye for 4 turns
  8520 | D        | Gained mutation: Potions and wands are poor at restoring your health. [a shining eye]
  8527 | D        | Paralysed by a floating eye for 3 turns
  8529 | D        | Gained mutation: You frequently scream uncontrollably at your foes. [a shining eye]
  8536 | D        | Paralysed by a floating eye for 3 turns
  8544 | D        | Gained mutation: You often lose your temper in combat. [a shining eye]
  8551 | D        | Paralysed by a floating eye for 2 turns
  8607 | D        | Lost mutation: You are frail. (-10% HP) [potion of mutation]
  8607 | D        | Lost mutation: You often lose your temper in combat. [potion of mutation]
  8607 | D        | Lost mutation: Your spells are much easier to cast, but much less powerful. [potion of mutation]
  8608 | D        | Lost mutation: You are clumsy. (Dex -2) [potion of mutation]
  8608 | D        | Lost mutation: Your body often deteriorates upon taking damage. [potion of mutation]
  8610 | D        | Lost mutation: Your body sometimes deteriorates upon taking damage. [potion of mutation]
  8610 | D        | Lost mutation: You tend to lose your temper in combat. [potion of mutation]
  8612 | D        | Gained mutation: Potions and wands cannot restore your health. [potion of mutation]
  8612 | D        | Lost mutation: You are very weak. (Str -4) [potion of mutation]
  8612 | D        | Lost mutation: Your magical capacity is low. (-10% MP) [potion of mutation]
  8613 | D        | Lost mutation: Armour fits poorly on your strangely shaped body. [potion of mutation]
  8614 | D        | Lost mutation: You expend magic power (3 MP) to strengthen your wands. [potion of mutation]
  8614 | D        | Lost mutation: Potions and wands cannot restore your health. [potion of mutation]
  8615 | D        | Gained mutation: You expend magic power (3 MP) to strengthen your wands. [potion of mutation]
  8615 | D        | Gained mutation: Your body sometimes deteriorates upon taking damage. [potion of mutation]
  8616 | D        | Lost mutation: You expend magic power (3 MP) to strengthen your wands. [potion of mutation]
  8616 | D        | Lost mutation: You are very dopey. (Int -4) [potion of mutation]
  8617 | D        | Gained mutation: You are frail. (-10% HP) [potion of mutation]
  8618 | D        | Gained mutation: You are partially covered in rugged brown scales. (AC +1, +3% HP) [potion of mutation]
  8618 | D        | Lost mutation: Your body sometimes deteriorates upon taking damage. [potion of mutation]
  8618 | D        | Lost mutation: You frequently scream uncontrollably at your foes. [potion of mutation]
  8619 | D        | Gained mutation: You are partially covered in slimy green scales. (AC +2) [potion of mutation]
  8620 | D        | Gained mutation: Your flesh is heat resistant. (rF+) [potion of mutation]
  8621 | D        | Gained mutation: Your movements are slightly less encumbered by armour. (ER -2) [potion of mutation]
  8623 | D        | Lost mutation: You are frail. (-10% HP) [potion of mutation]
  8624 | D        | Gained mutation: You have an increased reservoir of magic. (+10% MP) [potion of mutation]
  8625 | D        | Gained mutation: You are robust. (+10% HP) [potion of mutation]
  8626 | D        | Lost mutation: You are weak. (Str -2) [potion of mutation]
  8628 | D        | Lost mutation: Potions and wands are poor at restoring your health. [potion of mutation]
  8629 | D        | Lost mutation: Your flesh is heat resistant. (rF+) [potion of mutation]
  8629 | D        | Lost mutation: You sometimes yell uncontrollably at your foes. [potion of mutation]
  8630 | D        | Lost mutation: You are dopey. (Int -2) [potion of mutation]
  8630 | D        | Gained mutation: Your flesh is cold resistant. (rC+) [potion of mutation]
  9049 | D        | Noticed a quicksilver dragon
  9076 | D        | Killed a quicksilver dragon
  9553 | D        | Noticed a quicksilver dragon
  9557 | D        | Killed a quicksilver dragon
  9557 | D        | Reached skill level 27 in Stealth
  9578 | D        | Noticed a quicksilver dragon
  9934 | D        | Killed a quicksilver dragon
 10669 | D        | Noticed Murray
 10713 | D        | Killed Murray
 10713 | D        | Reached skill level 15 in Short Blades
 10986 | D        | Got the Orb of Zot
 11062 | D        | Noticed an Orb Guardian
 11093 | D        | Escaped with the Orb!

Skill      XL: |  1  2  3  4  5  6  7  8  9 10 11 12 13 14 |
---------------+-------------------------------------------+-----
Stealth        | 10 12 13 14 15 16 18 19 21 23 25 27 | 27.0
Spellcasting   | 5 6 8 9 10 11 13 14 16 18 19 | 19.0
Hexes          | 6 7 8 9 10 11 13 14 16 | 16.1
Fighting       | 1 2 3 4 5 6 7 9 10 11 | 11.4
Short Blades   | 2 4 6 7 8 10 11 12 15 | 15.1
Dodging        | 4 6 8 10 11 13 14 16 18 | 18.0
Conjurations   | 1 2 3 4 5 6 |  6.7
Evocations     | 3 9 11 14 | 14.2
Translocations | 2 5 |  5.5
Charms         | 5 9 |  9.6
Air Magic      | 5 8 |  8.4
Shields        | 4 7 |  7.6

Action                   |  1- 3 |  4- 6 |  7- 9 | 10-12 | 13-15 || total
-------------------------+-------+-------+-------+-------+-------++-------
Melee: Dagger            |     5 |    38 |    17 |   181 |    52 ||   293
       Rapier            |       |       |       |       |   294 ||   294
 Cast: Ensorcelled Hiber |       |     4 |     5 |     6 |       ||    15
       Invisibility      |       |       |     2 |     9 |     5 ||    16
       Dazzling Spray    |       |       |       |    21 |    31 ||    52
       Confuse           |       |       |       |     1 |     1 ||     2
       Deflect Missiles  |       |       |       |       |     1 ||     1
       Apportation       |       |       |       |       |    10 ||    10
Invok: Potion Petition   |       |       |       |       |     3 ||     3
 Abil: Evoke Flight      |       |       |     3 |    10 |     7 ||    20
       Evoke Berserk Rag |       |       |       |       |     3 ||     3
Evoke: Wand              |       |       |       |     5 |       ||     5
       Fan of gales      |       |       |       |       |     1 ||     1
  Use: Potion            |     1 |     1 |       |     9 |    40 ||    51
       Scroll            |       |       |       |     2 |    16 ||    18
 Stab: Sleeping          |       |     2 |    17 |    34 |    22 ||    75
       Invisible         |       |       |       |    20 |    23 ||    43
       Distracted        |       |       |       |     1 |     2 ||     3
  Eat: Bread ration      |       |       |       |     2 |     1 ||     3
       Pizza             |       |       |       |       |     4 ||     4
Armor: Robe              |       |     2 |       |     4 |     7 ||    13
Dodge: Dodged            |     2 |    33 |     4 |    87 |   157 ||   283
       Deflected         |       |       |       |       |     6 ||     6
Block: Buckler           |       |       |       |       |    35 ||    35
